AoeStats
← [CL] Al3jandr0.magn00

Four Lakes

507528390Analyzed
1v1 RM · 12d ago on Sep 18, 2026· 52m 17s· 2 players
Game mode
Random Map
Map size
Tiny (2 player)
Population
200
Speed
Normal
Resources
Standard
Victory
Conquest
Starting age
Dark Age
Ending age
Imperial Age
RankedLock teamsTeams togetherTeam positionsShared explorationLock speedFull tech treeHidden civsTurbo modeCheats
Victory
Defeat
🇦🇷 Goths · Argentina
1901
+15
🇨🇳 Sicilians · China
1872
-15
挨打不还手
7:54 Loom
10:11 Feudal Age
11:28 Double-Bit Axe
13:53 Fishing Lines
16:10 Scale Mail Armor
17:34 Forging
27:41 Castle Age
26:43 Bloodlines
27:17 Scale Barding Armor
27:01 Horse Collar
30:02 Medium Warships
31:46 Chain Barding Armor
33:59 Wheelbarrow
39:47 Chain Mail Armor
40:52 Iron Casting
41:31 Town Watch
[CL] Al3jandr0.magn00
7:14 Loom
9:47 Feudal Age
11:05 Double-Bit Axe
11:04 Man-at-Arms
16:00 Forging
16:40 Fishing Lines
19:30 Scale Mail Armor
24:15 Castle Age
22:55 Fishing Lines
23:45 Horse Collar
24:24 Long Swordsman
25:04 Squires
25:24 Town Watch
27:30 Chain Mail Armor
27:50 Iron Casting
31:34 Wheelbarrow
31:59 Medium Warships
39:15 Pikeman
41:41 Gold Mining
43:43 Fletching
48:22 Anarchy
54:18 Imperial Age
52:04 Hand Cart
Connection lost

Rejoining the realm…

Still unreachable

The connection could not be restored.

Session expired

The server has moved on; the page needs a fresh start.